 Dungeon Crawl Stone Soup version 0.26.0-45-g9c1d065592 (webtiles) character file.

Game seed: 14148566270240154087

13 growler the Gusty (level 2, -3/15 HPs)
             Began as a Tengu Air Elementalist on Jan 27, 2021.
             Slain by a leopard gecko (5 damage)
             ... on level 1 of the Dungeon.
             The game lasted 00:01:43 (453 turns).

growler the Gusty (Tengu Air Elementalist)           Turns: 453, Time: 00:01:44

Health: -3/15      AC:  2    Str:  8    XL:     2   Next: 37%
Magic:  5/6        EV: 12    Int: 15    God:
Gold:   23         SH:  0    Dex: 14    Spells: 2/5 levels left

rFire    . . .     SeeInvis .   e - -2 dagger (curse)
rCold    . . .     Faith    .   (no shield)
rNeg     . . .     Spirit   .   a - +0 robe
rPois    .         Reflect  .   (helmet restricted)
rElec    .         Harm     .   (no cloak)
rCorr    .         Rampage  .   (no gloves)
Will     .....                  (boots unavailable)
Stlth    ++........             (no amulet)
HPRegen  0.05/turn              (no ring)
MPRegen  0.10/turn              (no ring)

@: no status effects
A: beak, talons 3
a: no special abilities


You were on level 1 of the Dungeon.
You visited 1 branch of the dungeon, and saw 1 of its levels.

You collected 23 gold pieces.

Inventory:

Hand Weapons
 e - a cursed -2 dagger (weapon)
   (You found it on level 1 of the Dungeon)
Armour
 a - a +0 robe (worn)
Scrolls
 b - a scroll of random uselessness {unknown}
 f - a scroll of enchant weapon {unknown}
 g - a scroll of enchant armour {unknown}
Potions
 c - 3 potions of haste {unknown}
 d - a potion of might {unknown}


   Skills:
 - Level 2.1 Dodging
 - Level 2.0 Stealth
 + Level 2.2 Spellcasting
 + Level 2.2 Conjurations
 + Level 4.3 Air Magic


You had 2 spell levels left.
You knew the following spells:

 Your Spells              Type           Power        Failure   Level
a - Shock                 Conj/Air       44%          5%          1
s - Swiftness             Air            14%          5%          2

Your spell library contained the following spells:

 Spells                   Type           Power        Failure   Level
 Static Discharge         Conj/Air       11%          17%         3
 Airstrike                Air            7%           36%         4
 Lightning Bolt           Conj/Air       5%           83%         5


Dungeon Overview and Level Annotations

Branches:
Dungeon (1/15)

Altars:


Innate Abilities, Weirdness & Mutations

You have a beak for a mouth.
You have claws for feet.


Message History

A hobgoblin comes into view. It is wielding a +0 club.
A hobgoblin is nearby!
Aim: a hobgoblin, wielding a +0 club (asleep, 0% to evade)
The zap hits the hobgoblin.
Aim: a hobgoblin, wielding a +0 club (lightly wounded, 32% to evade)
The zap misses the hobgoblin.
Aim: a hobgoblin, wielding a +0 club (lightly wounded, 32% to evade)
The zap hits the hobgoblin.
You kill the hobgoblin!
A rat comes into view.
Aim: a rat (wandering, hasn't noticed you, 32% to evade)
The zap misses the rat.
Aim: a rat (32% to evade)
The zap misses the rat.
Aim: a rat (32% to evade)
The zap hits the rat.
You don't have enough magic to cast that spell.
The rat barely misses you.
You hit the rat.
You kill the rat!
No target in view!
No target in view!
A kobold comes into view.
A kobold is nearby!
A leopard gecko comes into view.
The kobold shouts!
The leopard gecko hisses angrily.
You hear a shout!
Found a stone staircase leading down.
The kobold hits you.
You hit the kobold. You claw the kobold, but do no damage.
You peck the kobold, but do no damage. The kobold barely misses you.
You miss the kobold. You peck the kobold, but do no damage.
The leopard gecko closely misses you. The kobold completely misses you.
The leopard gecko closely misses you.
You hit the kobold. The kobold hits you. The leopard gecko bites you.
You closely miss the kobold. Your kick misses the kobold.
The leopard gecko barely misses you. The kobold misses you.
A hobgoblin comes into view. It is wielding a +0 club.
The hobgoblin shouts!
You hit the kobold but do no damage.
You hear an angry hiss.
The leopard gecko bites you.
* * * LOW HITPOINT WARNING * * *
The kobold hits you.
* * * LOW HITPOINT WARNING * * *
The leopard gecko bites you.
* * * LOW HITPOINT WARNING * * *
Aim: a leopard gecko (48% to evade)
The zap hits the leopard gecko.
The zap misses the kobold.
The zap hits the hobgoblin.
The leopard gecko bites you.
You die...

...r...>.≈≈≈≈≈≈........#
##.^≈
.........≈≈≈≈≈.........#
##...≈ ......≈≈)≈.##......#
#...≈. ...........##......##
#....≈
............#.......###..≈≈≈
#........#..............≈..
##..................)#.....≈
..........##.............≈≈.
........gKl@.##....####....≈
##>.......###.....## .....≈≈
##.###..#........# #...≈..≈
# #......†##.## #....≈.≈
......#.##............≈
#.#...#.......###....≈≈≈
.......)..##.### #......≈
.........# #. ...#≈ #.....
#. ###≈


You could see a leopard gecko, a hobgoblin and a kobold.

Vanquished Creatures
  A giant cockroach (D:1)
  2 hobgoblins (D:1)
  3 kobolds (D:1)
  A bat (D:1)
  4 frilled lizards (D:1)
  3 rats (D:1)
14 creatures vanquished.

Notes
Turn   | Place    | Note
-------+----------+-------------------------------------------
     0 | D:1      | growler the Tengu Air Elementalist began the quest for the
                  | Orb.
     0 | D:1      | Reached XP level 1. HP: 10/10 MP: 4/4
   178 | D:1      | Reached XP level 2. HP: 12/15 MP: 4/6
   181 | D:1      | Learned a level 2 spell: Swiftness
   453 | D:1      | Slain by a leopard gecko

Illustrated notes

Levels and vault maps discovered:
D:1:      minmay_arrival_checkered_box, layout_rooms,
          chequers_serial_rivers_small_3, minmay_lizard_pond

Skill      XL: |  1  2 |
---------------+-------+-----
Conjurations   | 2 |  2.2
Dodging        | |  2.1
Stealth        | |  2.0
Spellcasting   | |  2.2
Air Magic      | |  4.3

Action                   || total
-------------------------++-------
Melee: Dagger            ||    13
       Unarmed           ||     6
       Kick              ||     3
       Peck              ||     2
 Cast: Shock             ||    22
Armor: Robe              ||     5
Dodge: Dodged            ||    14
